 Dungeon Crawl Stone Soup version 0.15-a0-134-gcf47855 (webtiles) character file.

154884 MackTheKnife the Bludgeoner (level 18, -5/153 (154) HPs)
             Began as a Human Fighter on Apr 12, 2014.
             Was a High Priest of Okawaru.
             Slain by a red wasp (12 damage)
             ... on Level 5 of the Spider Nest.
             The game lasted 01:38:33 (31266 turns).

MackTheKnife the Bludgeoner (Human Fighter)        Turns: 31266, Time: 01:38:33

HP  -5/153 (154) AC 31     Str 24      XL: 18   Next: 21%
MP   3/28        EV 12     Int 11      God: Okawaru [*****.]
Gold 2100        SH  0     Dex 14 (18) Spells:  0 memorised, 17 levels left

rFire  + + +     SeeInvis +     G - +5,+4 great mace (flame)
rCold  . . .     Clarity  +     H - +2 plate armour {rF+}
rNeg   + . .     Conserve .     (no shield)
rPois  +         rCorr    .     c - +2 helmet "Neid Shi" {rF++ SInv}
rElec  +         rRot     .     (no cloak)
SustAb . .       Spirit   .     L - +0 pair of gloves {Dex+3}
rMut   .         Warding  .     V - +0 pair of boots {+Jump}
Saprov . . .     Stasis   .     I - amulet of Trifoys {Clar Stlth++}
MR     +....                    h - ring of protection from cold
                                m - ring of Hookk {Fire rElec rPois rN+ Str+3 Stlth++}

@: about to teleport, heroism, finesse, somewhat resistant to hostile
enchantments, unstealthy
A: claws 1, rough black scales 1, carnivore 1, clever 1, wild magic 1
a: Heroism, Finesse, Renounce Religion, Evoke Jump Attack


You were on level 5 of the Spider Nest.
You worshipped Okawaru.
Okawaru was extremely pleased with you.
You were not hungry.

You visited 5 branches of the dungeon, and saw 33 of its levels.
You also visited: Labyrinth and Ice Cave.

You collected 3171 gold pieces.
You spent 1071 gold pieces at shops.


Innate Abilities, Weirdness & Mutations

You have sharp fingernails.
You are partially covered in rough black scales (AC +4, Dex -1).
Your digestive system is specialised to digest meat.
Your mind is acute. (Int +2)
Your spells are a little harder to cast, but a little more powerful.


   Skills:
 + Level 17.0(22.0) Fighting
 - Level 18.3(23.3) Maces & Flails
 - Level 13.4(18.4) Armour
 - Level 9.3(14.3) Dodging
 - Level 3.0(8.0) Shields
 - Level 7.5 Invocations


You had 17 spell levels left.
You didn't know any spells.

Inventory:

Hand weapons
 w - a +4,+0 dire flail of crushing
 G - a +5,+4 great mace of flaming (weapon)
Armour
 c - the +2 helmet "Neid Shi" (worn) {rF++ SInv}
   (Okawaru gifted it to you on level 2 of the Lair of Beasts)

   It greatly protects you from fire.
   It enhances your eyesight.
 e - the +1 buckler of Grucvope {Str+3 Dex+2}
   (You acquired it on level 4 of the Spider Nest)

   It affects your strength (+3).
   It affects your dexterity (+2).
 H - a +2 plate armour of fire resistance (worn)
 L - a +0 pair of gloves of dexterity (worn)
 S - a +0 pair of boots of stealth
 V - a +0 pair of boots of jumping (worn)
Magical devices
 a - a wand of heal wounds (8)
 i - a wand of hasting (0)
 z - a wand of disintegration (0)
 B - a wand of disintegration (10)
 N - a wand of cold (3)
Comestibles
 d - 6 bread rations
 g - 2 pears
 k - 2 beef jerkies
 l - a honeycomb
 A - 5 meat rations
 K - 3 chokos
 P - 4 lemons
 Q - 9 apples
 R - a banana
Scrolls
 j - 5 scrolls of fog
 q - 2 scrolls of teleportation
 u - a scroll of recharging
 y - a scroll of magic mapping
 D - a scroll of fear
 J - 6 scrolls of remove curse
Jewellery
 b - an uncursed ring of regeneration
 f - a +4 ring of evasion
 h - a ring of protection from cold (right hand)
 m - the ring of Hookk (left hand) {Fire rElec rPois rN+ Str+3 Stlth++}
   (You found it on level 13 of the Dungeon)

   [ring of fire]

   It enhances your fire magic, and weakens your ice magic.
   It affects your strength (+3).
   It protects you from fire.
   It makes you vulnerable to cold.
   It insulates you from electricity.
   It protects you from poison.
   It protects you from negative energy.
   It makes you much more stealthy.
 x - an uncursed ring of positive energy
 C - a cursed +5 ring of strength
 I - the amulet of Trifoys (around neck) {Clar Stlth++}
   (You bought it in a shop on level 4 of the Orcish Mines)

   [amulet of clarity]

   It provides mental clarity.
   It makes you much more stealthy.
 O - an uncursed amulet of resist mutation
Potions
 n - 2 potions of berserk rage
 o - 13 potions of curing
 p - 2 potions of resistance
 r - 7 potions of heal wounds
 s - a potion of porridge
 t - a potion of haste
 v - 3 potions of restore abilities
 E - 2 potions of agility
 U - 2 potions of invisibility
Miscellaneous
 M - a lamp of fire
 X - a phial of floods (inert)

▒▒▒··≈≈≈·▒▒▒▒▒ ▒▒▒▒ ▒▒▒▒
▒≈··▒··▒▒··· ··· ▒·
▒≈·≈▒▒▒▒▒··· ·· ▒▒≈
▒▒≈·≈▒▒ y·▒▒· ▒▒▒··
▒▒≈·≈▒▒ ▒''▒ ▒▒·≈··
▒≈··≈▒ ▒▒y·▒ ▒≈···≈
▒▒▒≈···▒▒ ▒···▒▒▒▒▒≈·^·≈
▒▒^▒▒···≈▒▒▒··▒▒≈≈▒···≈▒≈
▒··≈≈≈≈·@y▒▒≈·▒▒····≈≈▒▒▒
▒···≈≈≈▒≈≈··s····≈≈≈≈▒▒▒
▒▒▒≈≈▒▒▒▒▒▒▒s···≈▒▒▒▒▒
▒▒▒▒ ▒▒▒·≈·▒ ▒▒▒▒▒


You could see 2 emperor scorpions and a red wasp.


Message History

The emperor scorpion claws you but does no damage. x2
Unknown command.
You bludgeon the emperor scorpion!! You burn the emperor scorpion.
The emperor scorpion is almost dead.
Unknown command.
You sock the emperor scorpion! You burn the emperor scorpion.
You kill the emperor scorpion!
Okawaru accepts your kill.
Your Fighting skill increases to level 17!
Your lamp of fire has recharged.
Unknown command.
You hit the emperor scorpion. You burn the emperor scorpion.
The emperor scorpion is lightly wounded.
The emperor scorpion stings you!
* * * LOW HITPOINT WARNING * * *
The emperor scorpion completely misses you.
The emperor scorpion claws you.
* * * LOW HITPOINT WARNING * * *
Unknown command.
Read which item? (? for menu, Esc to quit)
As you read the scroll of teleportation, it crumbles to dust.
You feel strangely unstable. The yellow wasp barely misses you.
The emperor scorpion stings you!
* * * LOW HITPOINT WARNING * * *
The emperor scorpion claws you!
* * * LOW HITPOINT WARNING * * *
The emperor scorpion claws you but does no damage.
Unknown command.
The red wasp stings you!
You die...

Action                   |  1- 3 |  4- 6 |  7- 9 | 10-12 | 13-15 | 16-18 || total
-------------------------+-------+-------+-------+-------+-------+-------++-------
Melee: Flail             |   122 |   323 |   205 |   235 |       |       ||   885
       Morningstar       |       |       |   266 |    86 |       |       ||   352
       Great mace        |       |       |       |   618 |  1888 |  1182 ||  3688
Invok: Heroism           |       |       |     2 |    16 |    37 |    18 ||    73
       Finesse           |       |       |       |       |     6 |     8 ||    14
 Abil: Evoke Jump Attack |       |       |       |       |       |    10 ||    10
Evoke: Wand              |       |       |     1 |     7 |    13 |    13 ||    34
       Lamp of fire      |       |       |       |       |       |     1 ||     1
       Phial of floods   |       |       |       |       |       |     1 ||     1
  Use: Scroll            |       |     5 |    11 |    18 |    12 |    15 ||    61
       Potion            |       |     1 |     4 |     2 |     1 |     9 ||    17
 Stab: Petrified         |       |       |       |       |       |     2 ||     2

Vault maps used:
D:1:      dpeg_arrival_lava_temple_mockup
D:2:      minmay_misc_feat_rows
D:4:      wad_woods_river_04, uniq_grinder
D:5:      temple_pool_a, first_bread, grunt_dithmenos_shadows
D:6:      uniq_duvessa
D:7:      bloody_makhleb
D:8:      erik_lair_orcish_takeover
D:10:     grunt_tengu_nest, uniq_nergalle
D:11:     portal_ice_cave_entry_ice_beasts, serial_shops, shop
D:12:     erik_orc_2
D:14:     david_vaults_5, enter_trove_6, uniq_urug
D:15:     hangedman_depths_entry_civil_slaughter, hangedman_decor_lopped
Temple:   nicolae_temple_elliptical
Orc:1:    basic_altar
Orc:2:    basic_altar, uniq_joseph
Orc:3:    nicolae_orc_pool_cavern, uniq_harold
Orc:4:    basic_altar, grunt_orc_tribal_feast, uniq_psyche
Lair:1:   st_stairs_11, nicolae_quartered_pool_medium
Lair:2:   lab_entry_generic
Lair:3:   infiniplex_staircase_pool_2, lemuel_strawberry_fields,
          lemuel_fruit_tree, uniq_gastronok
Lair:5:   serial_bayou_pond_e, pond, serial_bayou_shore_a,
          infiniplex_staircase_pool, serial_bayou_shore_b
Lair:6:   minmay_shoals_entry_beasts, spider_nest_entry_rubble, disabler_island,
          uniq_snorg, uniq_erica
Lair:7:   nicolae_slime_entry_slimehenge, baited_tele_trap,
          bh_autumn_forest_stairs
Lair:8:   hangedman_lair_caniforms_friends, basic_altar
Spider:1: spiders_nest_wasp_nest
Spider:3: uniq_roxanne, uniq_asterion, uniq_wiglaf, uniq_louise
Spider:5: spider_rune_water, spider_trap, uniq_arachne
Lab:      nicolae_lab_big_swirl, nicolae_lab_blocks, nicolae_lab_garden,
          labyrinth_lava_lair, nicolae_lab_hexagon, nicolae_lab_grate,
          nicolae_lab_do_over, nicolae_lab_diamond
IceCv:    ice_cave_small_necro

Notes
Turn   | Place    | Note
--------------------------------------------------------------
     0 | D:1      | MackTheKnife, the Human Fighter, began the quest for the Orb.
     0 | D:1      | Reached XP level 1. HP: 18/18 MP: 1/1
   246 | D:1      | Reached XP level 2. HP: 22/24 MP: 2/2
   381 | D:1      | Reached skill level 3 in Maces & Flails
   449 | D:1      | Reached XP level 3. HP: 29/29 MP: 3/3
  1092 | D:2      | Reached skill level 4 in Maces & Flails
  1092 | D:2      | Reached XP level 4. HP: 27/35 MP: 4/4
  1813 | D:3      | Reached XP level 5. HP: 41/41 MP: 5/5
  2164 | D:3      | Reached skill level 5 in Maces & Flails
  2553 | D:4      | Reached skill level 6 in Maces & Flails
  2553 | D:4      | Reached XP level 6. HP: 38/47 MP: 6/6
  2825 | D:4      | Noticed Grinder
  2976 | D:4      | Killed Grinder
  2976 | D:4      | Reached skill level 8 in Maces & Flails
  2976 | D:4      | Reached XP level 7. HP: 40/52 MP: 7/7
  3190 | D:4      | Reached XP level 8. HP: 46/58 MP: 8/8
  3474 | D:5      | Entered Level 5 of the Dungeon
  3624 | D:5      | Found a staircase to the Ecumenical Temple.
  3724 | D:5      | Reached skill level 9 in Maces & Flails
  3726 | Temple   | Entered the Ecumenical Temple
  3739 | Temple   | Became a worshipper of Warmaster Okawaru
  4610 | D:5      | Found a shadowy altar of Dithmenos.
  4695 | D:5      | Reached skill level 10 in Maces & Flails
  4871 | D:6      | Reached XP level 9. HP: 62/65 MP: 9/9
  5013 | D:6      | Reached skill level 4 in Armour
  5042 | D:6      | Acquired Okawaru's first power
  5042 | D:6      | Reached skill level 4 in Fighting
  5139 | D:6      | Noticed Dowan
  5140 | D:6      | Noticed Duvessa
  5181 | D:6      | Killed Dowan
  5183 | D:6      | Killed Duvessa
  5183 | D:6      | Reached skill level 5 in Armour
  5339 | D:6      | Reached skill level 5 in Fighting
  5806 | D:7      | Reached skill level 6 in Armour
  5808 | D:7      | Reached skill level 6 in Fighting
  5963 | D:7      | Noticed a gargoyle
  5980 | D:7      | Killed a gargoyle
  5980 | D:7      | Reached XP level 10. HP: 72/77 MP: 7/10
  5985 | D:7      | Reached skill level 7 in Armour
  6027 | D:7      | Found a burning altar of Makhleb.
  6063 | D:7      | Reached skill level 7 in Fighting
  6611 | D:8      | Reached skill level 8 in Armour
  6662 | D:8      | Reached skill level 8 in Fighting
  6704 | D:8      | Found a staircase to the Lair.
  7260 | D:8      | Reached skill level 9 in Armour
  7327 | D:8      | Identified a scroll of acquirement
  7499 | D:9      | Reached skill level 9 in Fighting
  7536 | D:9      | Reached XP level 11. HP: 87/87 MP: 11/11
  7689 | D:9      | Identified the Tome of Feathers
  7800 | D:9      | Paralysed by a giant eyeball for 2 turns
  7907 | D:10     | Entered Level 10 of the Dungeon
  7961 | D:10     | Reached skill level 11 in Maces & Flails
  8231 | D:10     | Noticed a hill giant
  8241 | D:10     | Killed a hill giant
  8241 | D:10     | Reached skill level 12 in Maces & Flails
  8288 | D:10     | Noticed Nergalle
  8296 | D:10     | Killed Nergalle
  8296 | D:10     | Acquired Okawaru's second power
  8938 | Lair:1   | Entered Level 1 of the Lair of Beasts
  9461 | Lair:1   | Reached skill level 13 in Maces & Flails
  9625 | Lair:2   | Found a labyrinth entrance.
  9635 | Lab      | Entered a labyrinth
  9880 | Lab      | Noticed a minotaur
  9887 | Lab      | Killed a minotaur
  9887 | Lab      | Reached XP level 12. HP: 73/93 MP: 9/12
  9901 | Lab      | Got a jet-encrusted scale mail
 10017 | Lab      | Identified the +4 scale mail of Ylul {Dex+4} (You found it in a labyrinth)
 10075 | Lair:2   | Received a gift from Okawaru
 10081 | Lair:2   | Got a steaming helmet {god gift}
 10096 | Lair:2   | Identified the +2 helmet "Neid Shi" {rF++ SInv} (Okawaru gifted it to you on level 2 of the Lair of Beasts)
 10300 | Lair:2   | Reached skill level 14 in Maces & Flails
 10367 | Lair:2   | Reached skill level 1 in Dodging
 10394 | Lair:2   | Noticed a four-headed hydra
 10404 | Lair:2   | Killed a four-headed hydra
 10404 | Lair:2   | Reached skill level 3 in Dodging
 10469 | Lair:2   | Reached skill level 4 in Dodging
 10648 | Lair:2   | Reached skill level 5 in Dodging
 11021 | Lair:3   | Reached skill level 6 in Dodging
 11108 | Lair:3   | Reached skill level 7 in Dodging
 11347 | Lair:3   | Noticed Gastronok
 11357 | Lair:3   | Killed Gastronok
 11357 | Lair:3   | Reached skill level 8 in Dodging
 11359 | Lair:3   | Received a gift from Okawaru
 11571 | Lair:3   | Reached XP level 13. HP: 99/99 MP: 13/13
 11597 | Lair:3   | Reached skill level 9 in Dodging
 12474 | Lair:4   | Reached skill level 10 in Fighting
 13024 | Lair:4   | Reached skill level 11 in Fighting
 13321 | Lair:4   | Reached skill level 1 in Invocations
 13584 | Lair:5   | Reached skill level 2 in Invocations
 13698 | Lair:5   | Received a gift from Okawaru
 13710 | Lair:5   | Reached skill level 3 in Invocations
 13790 | Lair:5   | Reached skill level 4 in Invocations
 14250 | Lair:6   | Noticed Erica
 14258 | Lair:6   | Killed Erica
 14258 | Lair:6   | Reached skill level 5 in Invocations
 14283 | Lair:6   | Found a staircase to the Shoals.
 14318 | Lair:6   | Noticed Snorg
 14328 | Lair:6   | Killed Snorg
 14328 | Lair:6   | Reached skill level 6 in Invocations
 14773 | Lair:6   | Found a hole to the Spider Nest.
 14876 | Lair:7   | Reached skill level 7 in Invocations
 14979 | Lair:7   | Found a staircase to the Slime Pits.
 15028 | Lair:7   | Reached XP level 14. HP: 99/112 MP: 22/25
 15269 | Lair:7   | Reached skill level 12 in Fighting
 15671 | Lair:8   | Entered Level 8 of the Lair of Beasts
 15858 | Lair:8   | Received a gift from Okawaru
 15887 | Lair:8   | Found a deep blue altar of Sif Muna.
 16358 | Lair:8   | Reached skill level 13 in Fighting
 16718 | Lair:8   | Reached skill level 14 in Fighting
 17043 | D:10     | Paralysed by a giant eyeball for 2 turns
 17053 | D:11     | Noticed Elizilla's ghost (powerful FoFi)
 17159 | D:11     | Noticed notcluie's ghost (experienced TeFE)
 17170 | D:11     | Killed notcluie's ghost
 17181 | D:11     | Found a frozen archway.
 17238 | IceCv    | Entered an ice cave
 17363 | IceCv    | Noticed sohrabkorkchi's ghost (powerful LOFi)
 17375 | IceCv    | Killed sohrabkorkchi's ghost
 17375 | IceCv    | Received a gift from Okawaru
 17594 | IceCv    | Found an ancient bone altar of Kikubaaqudgha.
 17628 | IceCv    | Reached skill level 10 in Armour
 17784 | IceCv    | Reached XP level 15. HP: 77/126 MP: 14/26
 18063 | D:11     | Killed Elizilla's ghost
 18308 | D:11     | Got a topaz-encrusted plate armour
 18312 | D:11     | Identified the +0 plate armour "Icumaun" {Str+1 Dex+4} (You acquired it on level 11 of the Dungeon)
 18397 | D:11     | Found Chasmuaw's Armour Shop.
 18563 | D:12     | Reached skill level 11 in Armour
 18764 | D:12     | Identified the Disquisition on Torrid Attacks
 19079 | D:12     | Reached skill level 12 in Armour
 19268 | D:12     | Found a staircase to the Orcish Mines.
 19278 | Orc:1    | Entered Level 1 of the Orcish Mines
 19427 | Orc:1    | Found an iron altar of Okawaru.
 19603 | Orc:2    | Noticed Joseph
 19609 | Orc:2    | Killed Joseph
 19903 | Orc:2    | Found a deep blue altar of Sif Muna.
 20392 | Orc:3    | Found a staircase to the Elven Halls.
 20407 | Orc:3    | Noticed Harold
 20421 | Orc:3    | Killed Harold
 20571 | Orc:3    | Reached skill level 13 in Armour
 20605 | Orc:3    | Received a gift from Okawaru
 20942 | Orc:4    | Entered Level 4 of the Orcish Mines
 21026 | Orc:4    | Found a roughly hewn altar of Beogh.
 21686 | Orc:4    | Noticed Psyche
 21690 | Orc:4    | Killed Psyche
 22013 | Orc:4    | Found Emoom's Armour Emporium.
 22014 | Orc:4    | Found Klael's Antique Armour Boutique.
 22060 | Orc:4    | Received a gift from Okawaru
 22072 | Orc:4    | Found Ebot's Jewellery Boutique.
 22072 | Orc:4    | Found Maow's Jewellery Emporium.
 22087 | Orc:4    | Bought a +4 ring of evasion for 612 gold pieces
 22091 | Orc:4    | Bought the amulet of Trifoys {Clar Stlth++} for 459 gold pieces
 22312 | D:13     | Paralysed by a giant eyeball for 4 turns
 22318 | D:13     | Paralysed by a giant eyeball for 4 turns
 22367 | D:13     | Reached XP level 16. HP: 115/133 MP: 24/27
 22449 | D:13     | Got a heavily runed pewter ring
 22537 | D:13     | Identified the ring of Hookk {Fire rElec rPois rN+ Str+3 Stlth++} (You found it on level 13 of the Dungeon)
 22905 | D:14     | Reached skill level 15 in Maces & Flails
 23008 | D:14     | Found a gate to the Vaults.
 23556 | D:14     | Got a fine scale mail
 23574 | D:14     | Identified the cursed -4 scale mail of the Rose {Str+1 Dam+5} (You found it on level 14 of the Dungeon)
 23609 | D:14     | Found a portal to a secret trove of treasure.
 23800 | D:14     | Noticed Urug
 23808 | D:14     | Killed Urug
 24018 | D:15     | Entered Level 15 of the Dungeon
 24194 | D:15     | Reached skill level 16 in Maces & Flails
 24247 | D:15     | Gained mutation: Your spells are a little harder to cast, but a little more powerful. [potion of mutation]
 24247 | D:15     | Gained mutation: Your digestive system is specialised to digest meat. [potion of mutation]
 24247 | D:15     | Gained mutation: You are partially covered in rough black scales (AC +4, Dex -1). [potion of mutation]
 24633 | D:15     | Found a staircase to the Depths.
 24647 | D:15     | Received a gift from Okawaru
 25178 | Lair:2   | Gained mutation: Your mind is acute. (Int +2) [potion of beneficial mutation]
 25179 | Lair:2   | Gained mutation: You have sharp fingernails. [potion of beneficial mutation]
 25293 | Spider:1 | Entered Level 1 of the Spider Nest
 25332 | Spider:1 | Reached skill level 17 in Maces & Flails
 26403 | Spider:2 | Reached XP level 17. HP: 102/139 MP: 27/27
 27057 | Spider:2 | Reached skill level 18 in Maces & Flails
 27065 | Spider:3 | Noticed Asterion
 27345 | Spider:3 | Noticed Wiglaf
 27373 | Spider:3 | Killed Wiglaf
 28526 | Spider:4 | Got a transparent buckler
 28527 | Spider:4 | Identified the +1 buckler of Grucvope {Str+3 Dex+2} (You acquired it on level 4 of the Spider Nest)
 28548 | Spider:5 | Entered Level 5 of the Spider Nest
 28581 | Spider:5 | Received a gift from Okawaru
 28581 | Spider:5 | Reached skill level 15 in Fighting
 29908 | Spider:5 | Received a gift from Okawaru
 29911 | Spider:5 | Reached skill level 16 in Fighting
 29948 | Spider:5 | Noticed Arachne
 30222 | Spider:5 | Killed Arachne
 30593 | Spider:5 | Reached XP level 18. HP: 41/152 MP: 0/28
 31262 | Spider:5 | Reached skill level 17 in Fighting
 31264 | Spider:5 | HP: 6/153 [emperor scorpion (10)]
 31266 | Spider:5 | Slain by a red wasp

Vanquished Creatures
  Arachne (Spider:5)
  Wiglaf (Spider:3)
  4 ghost moths (Spider:5)
  4 emperor scorpions
  Gastronok (Lair:3)
  An ettin (D:15)
  The ghost of sohrabkorkchi the Cleaver, a powerful LOFi of Makhleb (IceCv)
  Snorg (Lair:6)
  A vault guard (D:14)
  A minotaur (Lab)
  Harold (Orc:3)
  The ghost of Elizilla the Cleaver, a powerful FoFi of Dithmenos (D:11)
  3 hydras
  Erica (Lair:6)
  2 ogre magi (D:15)
  2 tengu warriors
  Urug (D:14)
  3 orc high priests (Orc:4)
  3 catoblepae
  Nergalle (D:10)
  2 centaur warriors
  4 skeletal warriors (D:12)
  A hell knight (D:15)
  3 unseen horrors
  A slime creature (D:15)
  An ice statue (IceCv)
  A lindwurm (Lair:6)
  11 orb spiders
  4 hill giants
  Joseph (Orc:2)
  9 orc knights
  5 manticores
  7 orc sorcerers
  A necromancer (IceCv)
  3 wizards
  30 wolf spiders
  3 griffons
  2 moths of wrath
  A cyclops (D:11)
  6 elephants
  4 black mambas
  4 gargoyles
  An orange demon (D:14)
  Psyche (Orc:4)
  11 spiny frogs
  A hellwing (Orc:4)
  2 centaur zombies
  11 demonic crawlers
  4 kobold demonologists
  A tengu conjurer (D:10)
  2 iron devils
  Grinder (D:4)
  24 jumping spiders
  5 polar bears (Lair:8)
  10 freezing wraiths (IceCv)
  3 two-headed ogres
  A wolf spider simulacrum (IceCv)
  5 ravens
  5 trolls
  3 boulder beetles
  5 basilisks
  9 grizzly bears (Lair:8)
  15 trapdoor spiders
  A shadow (Lab)
  37 redbacks
  27 blink frogs
  10 sharks
  8 yaks
  2 hill giant zombies
  2 steam dragons
  A tarantella (shapeshifter) (D:14)
  2 elephant slugs
  29 ugly things
  18 tarantellas
  22 wolves
  2 fire elementals (Lair:3)
  9 hippogriffs
  2 deep elf magi (D:15)
  5 hungry ghosts
  6 wraiths
  8 vampire mosquitoes
  A hill giant skeleton (D:14)
  An elf skeleton (D:14)
  10 wargs
  4 hell hounds (Lair:8)
  12 porcupines
  12 water moccasins
  6 black bears (Lair:8)
  3 sky beasts
  3 necrophages
  4 phantoms
  19 ice beasts
  29 spiders
  A soldier ant (D:12)
  A yellow wasp (D:8)
  A manticore zombie (D:11)
  10 ogres
  35 orc warriors
  9 centaurs
  4 boring beetles
  8 crocodiles
  8 giant goldfish
  Duvessa (D:6)
  2 brain worms
  5 big kobolds
  7 giant slugs
  12 giant frogs
  An insubstantial wisp (Lair:5)
  10 scorpions
  7 wights
  23 killer bees
  A yak skeleton (Orc:4)
  4 electric eels
  A lava snake (Lair:3)
  3 draconian simulacra (IceCv)
  Dowan (D:6)
  2 goliath beetles
  27 orc priests
  5 big fish
  39 orc wizards
  6 crimson imps
  2 jellies
  3 polar bear simulacra (IceCv)
  A gnoll shaman (D:7)
  23 hounds
  A black bear skeleton (D:5)
  2 centaur skeletons
  6 iguanas
  4 spriggan simulacra (IceCv)
  15 worker ants
  6 troll simulacra (IceCv)
  3 centaur simulacra (IceCv)
  An ogre zombie (Orc:4)
  40 sheep
  A sky beast zombie (D:6)
  A big kobold skeleton (D:5)
  2 mummies
  10 gnolls
  2 ogre simulacra (IceCv)
  2 naga simulacra (IceCv)
  17 adders
  78 green rats
  A giant mite (Spider:5)
  6 shadow imps
  12 white imps (IceCv)
  7 worms
  4 giant eyeballs
  10 giant geckos
  6 oozes
  182 orcs
  A bat skeleton (D:3)
  5 giant cockroaches
  29 hobgoblins
  19 jackals
  30 kobolds
  A ball python (D:1)
  28 bats
  8 giant newts
  2 giant spores
  28 goblins
  A hobgoblin skeleton (D:7)
  A hobgoblin zombie (Orc:4)
  A jackal skeleton (D:6)
  A kobold skeleton (D:5)
  2 orc skeletons
  11 orc zombies (Orc:4)
  7 quokkas
  11 rats
  8 rat skeletons (Orc:4)
  3 ballistomycetes
1432 creatures vanquished.

Vanquished Creatures (collateral kills)
  An orb spider (Spider:5)
  A tarantella (Spider:5)
2 creatures vanquished.

Vanquished Creatures (others)
  The ghost of notcluie the Arsonist, an experienced TeFE of Ashenzari (D:11)
  An orb spider (Spider:2)
  A fire elemental (Spider:5)
  A yak skeleton (Orc:4)
  An orc wizard (D:7)
  2 orcs
  3 rat skeletons (Orc:4)
  7 fungi (Lair:3)
  5 plants
22 creatures vanquished.

Grand Total: 1456 creatures vanquished
